 Dungeon Crawl Stone Soup version 0.29.1-1-gd02db6906a (webtiles) character file.

Game seed: 8623476430407845788

48 RKaid the Shooter (level 3, -1/33 HPs)
             Began as a Tengu Hunter on Sept 18, 2022.
             Slain by Jessica
             ... wielding a +3 dagger of venom
              (4 damage)
             ... on level 2 of the Dungeon.
             The game lasted 00:01:33 (1324 turns).

RKaid the Shooter (Tengu Hunter)                    Turns: 1324, Time: 00:01:33

Health: -1/33      AC: 21    Str: 11    XL:     3   Next: 72%
Magic:  4/4        EV:  2    Int:  9    God:
Gold:   73         SH:  0    Dex: 19    Spells: 2/2 levels left

rFire   . . .      SeeInvis .   a - +0 shortbow
rCold   . . .      Faith    .   (shield currently unavailable)
rNeg    . . .      Spirit   .   (body armour currently unavailable)
rPois   +          Reflect  .   (helmet currently unavailable)
rElec   .          Harm     .   (cloak currently unavailable)
rCorr   .          Rampage  .   (gloves currently unavailable)
Will    +....      NoTele   +   (boots unavailable)
Stlth   ++........              (no amulet)
HPRegen 0.11/turn               d - ring of willpower
MPRegen 0.09/turn               (no ring)

@: lethally poisoned (-1 -> -7), tree-form
A: stationary, stasis, torment immunity, boosted hp, (beak), (talons 3)
a: no special abilities


You were on level 2 of the Dungeon.
You were a tree.
You visited 1 branch of the dungeon, and saw 2 of its levels.

You collected 73 gold pieces.

Inventory:

Hand Weapons
 a - a +0 shortbow (weapon)
Armour
 c - a +0 leather armour (melded)
Jewellery
 d - a ring of willpower (left branch)
   (You found it on level 1 of the Dungeon)
Scrolls
 b - a scroll of immolation {!r}
 f - a scroll of fog {unknown}
 j - a scroll of identify {unknown}
Potions
 e - a potion of degeneration {unknown}
 h - a potion of haste
 i - a potion of flight {unknown}


   Skills:
 + Level 2.5 Fighting
 * Level 5.1 Ranged Weapons
 + Level 2.9 Dodging
 - Level 1.0 Stealth


You had 2 spell levels left.
You didn't know any spells.
Your spell library contained the following spells:

 Spells                   Type           Power      Damage    Failure   Level
 Slow                     Hex            0%         N/A       38%         1
 Confusing Touch          Hex            0%         N/A       77%         3
 Vampiric Draining        Necr           0%         2d6       77%         3


Dungeon Overview and Level Annotations

Branches:
Dungeon (2/15)

Altars:

Shops:
D:2 (

Annotations:
D:2 Jessica


Innate Abilities, Weirdness & Mutations

You are a tree.
Your roots penetrate the ground, keeping you stationary.
You cannot be teleported.
You are immune to unholy pain and torment.
Your maximum health is greatly increased.
Your equipment is partially melded.
((You have a beak for a mouth.))
((You have claws for feet.))


Message History

The arrow barely misses the ball python.
You hear a shout!
You shoot an arrow. The arrow hits the ball python.
You kill the ball python!
A hobgoblin comes into view.
You shoot an arrow. The arrow hits the hobgoblin.
You shoot an arrow. The arrow hits the hobgoblin!
You kill the hobgoblin!
No target in view!
No target in view!
No target in view!
No target in view!
No target in view!
No target in view!
No target in view!
You see here a ball python corpse.
You see here a hobgoblin corpse.
You now have 73 gold pieces (gained 9).
You see here a +0 hand axe.
A kobold comes into view. It is wielding a +0 whip.
The kobold throws a stone.
The stone barely misses you.
You shoot an arrow. The arrow hits the kobold!
You kill the kobold!
No target in view!
No target in view!
No target in view!
No target in view!
No target in view!
No target in view!
No target in view!
No target in view!
No target in view!
Found a stone staircase leading down.
A quokka comes into view.
A quokka is nearby!
You shoot an arrow. The arrow hits the quokka!
You kill the quokka!
No target in view!
No target in view!
No target in view!
No target in view!
No target in view!
No target in view!
No target in view!
No target in view!
There is a stone staircase leading down here.
A bat comes into view.
You shoot an arrow. The arrow hits the bat.
You kill the bat!
No target in view!
No target in view!
No target in view!
No target in view!
No target in view!
No target in view!
No target in view!
No target in view!
No target in view!
You see here a +0 short sword.
Found Muzing's Weapon Shop.
There is an entrance to Muzing's Weapon Shop here.
A rat comes into view.
You shoot an arrow. The arrow hits the rat.
You kill the rat!
No target in view!
No target in view!
No target in view!
No target in view!
No target in view!
No target in view!
No target in view!
No target in view!
No target in view!
Jessica the Apprentice Sorceress comes into view.
She is wielding a +3 dagger of venom.
You shoot an arrow. The arrow hits Jessica.
Jessica drinks a potion.
Jessica seems to speed up.
You shoot an arrow. The arrow barely misses Jessica.
Jessica mumbles some strange words.
Jessica blinks!
Jessica shouts, "You're disturbing me!
I'll have to kill you!"
You shoot an arrow. The arrow closely misses Jessica.
Jessica hits you but does no damage.
You are poisoned.
Jessica closely misses you.
You shoot an arrow. The arrow barely misses Jessica.
You feel very sick. Jessica completely misses you.
Jessica gestures at you while chanting. Pain shoots through your body!
Ouch! That really hurt!
* * * LOW HITPOINT WARNING * * *
It was a potion of lignification.
You turn into a tree.
Your +0 leather armour melds into your body.
Your roots penetrate the ground.
* * * LOW HITPOINT WARNING * * *
You feel sick.
Jessica hits you with a +3 dagger of venom.
* * * LOW HITPOINT WARNING * * *
Jessica hits you with a +3 dagger of venom.
You die...

#.#.###.#
#....##.#
##.#.♣#.#
#.♣.∩.♣#
#.##♣..#
.. ##.#
## ##.#
#..####
#.@♣..#
#.###..#
#. .# #.
.# ## .#
.# .


You could see Jessica (fast).

Vanquished Creatures
  A gnoll (D:1)
  2 dart slugs
  4 ball pythons
  3 endoplasms
  A giant cockroach (D:1)
  2 goblins (D:1)
  3 hobgoblins
  4 jackals (D:1)
  2 kobolds
  A quokka (D:2)
  3 bats
  5 rats
31 creatures vanquished.

Notes
Turn   | Place    | Note
-------+----------+-------------------------------------------
     0 | D:1      | RKaid the Tengu Hunter began the quest for the Orb.
     0 | D:1      | Reached XP level 1. HP: 12/12 MP: 2/2
    31 | D:1      | Reached XP level 2. HP: 17/17 MP: 3/3
   278 | D:1      | Reached XP level 3. HP: 19/22 MP: 4/4
   651 | D:1      | Reached skill level 5 in Ranged Weapons
   774 | D:1      | Found a faded altar of an unknown god.
  1305 | D:2      | Found Muzing's Weapon Shop.
  1319 | D:2      | Noticed Jessica
  1323 | D:2      | HP: 5/22 [Jessica/nerve-wracking pain (13)]
  1324 | D:2      | Slain by Jessica

Illustrated notes

Levels and vault maps discovered:
D:1:      saegor_arrival_simple_b, layout_rooms,
          shapermc_ecumenical_altar_totnotflames, kennysheep_nondescript
D:2:      layout_loops_ring, serial_shops, nicolae_shop_trees,
          chequers_serial_rivers_large_a, kennysheep_nub,
          nicolae_figureground_pulse, uniq_jessica

Skill      XL: |  1  2  3 |
---------------+----------+-----
Ranged Weapons | 5 |  5.1
Fighting       | |  2.5
Dodging        | |  2.9
Stealth        | |  1.0

Action                   || total
-------------------------++-------
 Fire: Shortbow          ||    80
  Use: Potion            ||     1
Armor: Leather armour    ||     5
Dodge: Dodged            ||    24

Table legend: (Time is in decaauts)
 A = Elapsed time spent in this place.
 B = Non-inter-level travel time spent in this place.
 C = Inter-level travel time spent in this place.
 D = Time resting spent in this place.
 E = Time spent auto-exploring this place.
 F = Levels seen in this place.
 G = Mean time per level.
                   A        B        C        D        E       F      G
               +--------+--------+--------+--------+--------+-----+--------+
         Total |   1348 |   1333 |     15 |    111 |   1062 |   2 |  674.0 |
       Dungeon |   1348 |   1333 |     15 |    111 |   1062 |   2 |  674.0 |
               +--------+--------+--------+--------+--------+-----+--------+

Top non-repeatable levels by time:
     D:1: 1004 daAuts
     D:2: 344 daAuts

Table legend:
 A = Kills in this place as a percentage of kills in entire the game.
 B = Kills by you in this place as a percentage of kills by you in the entire game.
 C = Kills by friends in this place as a percentage of kills by friends in the entire game.
 D = Other kills in this place as a percentage of other kills in the entire game.
 E = Experience gained in this place as a percentage of experience gained in the entire game.
 F = Experience gained in this place divided by the number of levels of this place that you have seen.
                   A       B       C       D       E      F
               +-------+-------+-------+-------+-------+----------------------
         Total | 100.0 | 100.0 |   N/A |   N/A | 100.0 |  34.5
       Dungeon | 100.0 | 100.0 |   N/A |   N/A | 100.0 |  34.5
               +-------+-------+-------+-------+-------+----------------------
